Map: Astillero orbital

Players

Xandros - Winner!

  • Race: Terran Terran

IA (Muy fácil) 1

  • Race: Terran Terran

VOD

Have the link to the VOD?

Description

Time

  • Played on: Nov. 20, 2015, 6:31 a.m.
  • Length: 7:22
Show
View Real Time Build Order
Export as new Build Order

Xandros Terran - Winner!

Build Orders: Reaper Expand 

Get SALT Encoding   

  12  0:14  SCV  
  13  0:32  Supply Depot  
  13  0:37  Supply Depot, SCV  
  14  0:44  Refinery  
  14  0:49  SCV  
  15  0:59  Barracks  
  15  1:01  SCV  
  16  1:08  Supply Depot  
  16  1:13  SCV  
  17  1:25  SCV  
  18  1:38  Engineering Bay  
  18  1:49  Reaper  
  19  2:05  Refinery  
  19  2:08  SCV  
  20  2:19  Command Center  
  20  2:21  Reaper  
  21  2:32  SCV  
  22  2:44  SCV  
  23  2:56  Factory  
  22  3:48  Factory Tech Lab  
  22  3:49  Factory  
  22  3:51  Marine  
  23  4:09  Marine  
  24  4:26  Marine  
  24  4:43  Hellion  
  26  4:47  Factory Tech Lab  
  26  4:53  SCV  
  26  4:54  Refinery  
  27  5:04  Hellion  
  27  5:05  SCV  
  30  5:07  Bunker  
  30  5:16  Missile Turret  
  30  5:17  SCV, Marine  
  30  5:21  Sensor Tower  
  32  5:24  Cyclone  
  35  5:33  Cyclone  
  38  5:54  SCV  
  38  5:55  Armory  
  39  5:59  Marine  
  40  6:06  SCV  
  40  6:07  Hellion  
  43  6:17  Hellion, Marine  
  47  6:18  SCV  
  47  6:27  Supply Depot  
  47  6:28  Hellion  
  47  6:31  Orbital Command  
  49  6:35  Marine  
  49  6:38  Hellion  
  52  6:49  Hellion  
Show
View Real Time Build Order
Export as new Build Order

IA (Muy fácil) 1 Terran 

Build Orders:  

Get SALT Encoding   

  12  0:00  SCV  
  13  0:13  SCV  
  14  0:19  Supply Depot  
  14  0:37  Refinery  
  14  0:46  Barracks  
  14  1:01  Supply Depot  
  14  1:11  Refinery  
  14  1:29  SCV  
  14  1:32  Marine  
  16  1:41  SCV  
  17  1:53  SCV  
  18  2:05  SCV  
  18  2:06  Marine  
  20  2:17  SCV  
  21  2:29  SCV  
  22  2:39  Marine  
  22  2:41  Orbital Command  
  23  4:29  SCV  
  23  4:34  Marine  
  23  5:52  SCV  
  23  5:53  Marine  
  23  5:54  Supply Depot  
  25  5:57  Factory  
  25  5:58  Command Center  
  25  6:04  SCV  
  23  6:17  SCV  
  24  6:19  Supply Depot  
  24  6:27  Marine  
  24  6:29  SCV  
  26  6:41  SCV  
  26  6:43  Starport  
  26  6:46  Barracks Tech Lab  
  25  6:53  SCV  
  24  6:57  Hellion  
  20  7:06  SCV  
  13  7:09  SCV  
  13  7:13  Refinery  
Tags
 
Add a new tag
Caveats
  • Supply blocks, unpowered buildings, or Contaminate may cause inaccurate times.
  • Supply counts are checked every 10 seconds.